 Dungeon Crawl Stone Soup version 0.25-a0-280-gfa4545f159 (webtiles) character file.

Game seed: 5361995907322579569, levelgen mode: deterministic

7142 shennanigan the Cleaver (level 10, -14/90 HPs)
             Began as a White Draconian Berserker on Dec 10, 2019.
             Was an Elder of Trog.
             Killed from afar by a wizard (30 damage)
             ... with a fireball
             ... on level 11 of the Dungeon.
             The game lasted 00:21:10 (11221 turns).

shennanigan the Cleaver (DrBe)                     Turns: 11221, Time: 00:21:11

Health: -14/90     AC: 13    Str: 20    XL:     10   Next: 85%
Magic:  10/10      EV: 12    Int:  8    God:    Trog [****..]
Gold:   545        SH: 15    Dex: 13    Spells: 9/9 levels left

rFire    . . .     SeeInvis .   a - +1 war axe
rCold    + . .     Gourm    .   J - +0 large shield
rNeg     . . .     Faith    .   (armour unavailable)
rPois    +         Spirit   .   L - +2 hat
rElec    .         Reflect  .   C - +2 cloak {MR+}
rCorr    .         Harm     .   (no gloves)
MR       +++..                  (no boots)
Stlth    ++........             (no amulet)
HPRegen  1.25/turn              f - ring of flight
MPRegen  0.12/turn              R - ring of poison resistance

@: regenerating
A: breathe frost, unfitting armour, cold resistance 1, shaggy fur 1,
cold-blooded, MP-powered wands, AC +7
a: Breathe Frost, Berserk, Trog's Hand, Brothers in Arms, Renounce Religion,
Evoke Flight


You were on level 11 of the Dungeon.
You worshipped Trog.
Trog was greatly pleased with you.
You were not hungry.

You visited 1 branch of the dungeon, and saw 11 of its levels.
You also visited: Sewer.

You collected 649 gold pieces.
You spent 104 gold pieces at shops.

Inventory:

Hand Weapons
 a - a +1 war axe (weapon)
 b - a +1 antimagic hand axe
 x - a +3 spear
 I - a +0 hand axe
Missiles
 c - 8 javelins (quivered)
 n - 10 boomerangs
 y - 5 curare-tipped darts
 N - a throwing net
 O - 5 atropa-tipped darts
Armour
 z - a scarf of cloud immunity
 C - a +2 cloak of magic resistance (worn)
 J - a +0 large shield (worn)
 L - a +2 hat (worn)
Jewellery
 f - a ring of flight (left hand)
 R - a ring of poison resistance (right hand)
 S - an uncursed ring of ice
Wands
 l - a wand of enslavement (10)
 o - a wand of flame (20)
 A - a wand of polymorph (6)
 B - a wand of digging (4)
 H - a wand of iceblast (9)
 M - a wand of acid (6)
Scrolls
 d - a scroll of identify
 g - 6 scrolls of remove curse
 h - 4 scrolls of fear
 j - 2 scrolls of enchant armour
 r - a scroll of holy word {unknown}
 s - a scroll of enchant weapon
 t - a scroll of blinking
 u - a scroll of silence {unknown}
 F - 3 scrolls of teleportation
 T - a scroll of immolation {unknown}
Potions
 e - a potion of cancellation
 i - 2 potions of might
 k - 2 potions of resistance
 m - a potion of brilliance
 p - a potion of lignification
 q - 7 potions of curing
 v - a potion of invisibility {unknown}
 w - a potion of berserk rage
 D - 3 potions of heal wounds
 E - 2 potions of flight
 K - a potion of haste {unknown}
 Q - a potion of degeneration {unknown}
Comestibles
 G - 14 rations


   Skills:
 + Level 8.4 Fighting
 + Level 11.4 Axes
 * Level 2.3 Throwing
 + Level 7.3 Dodging
 - Level 2.6 Stealth
 * Level 5.9 Shields
 + Level 0.1 Evocations


You had 9 spell levels left.
You didn't know any spells.
Your spell library was empty.

Dungeon Overview and Level Annotations

Branches:
Dungeon (11/15)            Temple (0/1) D:5            Lair (0/6) D:10
    Orc (0/2) D:9           Sewer (visited)

Altars:
Ashenzari
Elyvilon
Fedhas
Gozag
Hepliaklqana
Makhleb
Nemelex Xobeh
Ru
The Shining One

Shops:
D:3 *   D:9 !

Annotations:
D:10 exclusion: orange crystal statue


Innate Abilities, Weirdness & Mutations

You can breathe waves of freezing cold.
You can buffet flying creatures when you breathe cold.
Your icy white scales are hard. (AC +7)
You cannot fit into any form of body armour.
Your flesh is cold resistant. (rC+)
You are cold-blooded and may be slowed by cold attacks.
You are covered in fur. (AC +1)
You expend magic power (3 MP) to strengthen your wands.


Message History

You slam into the rock wall!
The eye of draining moves out of view.
The wizard gestures at you while chanting.
The lance of force hits you!
You are knocked back by the lance of force.
You hit the wizard.
The wizard is lightly wounded.
The wizard gestures at you while chanting.
The lance of force hits you!!
You are knocked back by the lance of force.
You slam into the rock wall!
* * * LOW HITPOINT WARNING * * *
You are too injured to fight recklessly!
You are too injured to fight recklessly!
You are too injured to fight recklessly!
Your skin crawls.
You feel resistant to hostile enchantments.
You feel quite a bit more hungry.
The wizard gestures at you while chanting.
The fireball explodes!
The fireball engulfs you!!
You die...

.......................
#......................G
#....................G..
#.......................
#.......................
#.......................
#..........###..........
#..........###..........
#......@...p............
#......#################
#..##..# #..##..#
#..##..# #......#
#......# #......#
#......#######


You could see a wizard.

Vanquished Creatures
  Fannar (D:10)
  The ghost of MisterFreud the Basher, a novice GrFi of the Shining One (D:8)
  Pikel (D:4)
  A moth of wrath (D:8)
  A komodo dragon (D:10)
  Grinder (D:5)
  A hippogriff (D:8)
  Duvessa (D:6)
  A black bear (D:6)
  5 orc warriors
  An ice beast (D:8)
  A sky beast (D:9)
  4 slaves (D:4)
  4 ogres
  2 phantoms
  2 crocodiles (D:8)
  2 big kobolds
  Blork the orc (D:5)
  5 bullfrogs
  A gnoll sergeant (D:8)
  Dowan (D:6)
  2 scorpions
  7 killer bees
  A howler monkey (D:8)
  4 crimson imps
  A centaur zombie (D:3)
  A quasit (D:9)
  2 bullfrog skeletons
  14 orc priests
  A hound (D:9)
  3 jellies (D:10)
  13 orc wizards
  Crazy Yiuf (D:5)
  Ijyb (D:5)
  3 iguanas (D:8)
  A worker ant (D:2)
  A worker ant zombie (D:10)
  15 gnolls
  3 adders
  2 river rats (D:6)
  8 oozes
  An adder zombie (D:10)
  An adder skeleton (D:4)
  7 worms
  3 dart slugs
  7 leopard geckos
  38 orcs
  5 giant cockroaches
  37 goblins
  31 hobgoblins
  10 jackals
  5 quokkas
  5 ball pythons
  19 bats
  7 frilled lizards
  14 kobolds
  12 rats
324 creatures vanquished.

Vanquished Creatures (others)
  A quokka (D:9)
  4 plants
5 creatures vanquished.

Grand Total: 329 creatures vanquished

Notes
Turn   | Place    | Note
-------+----------+-------------------------------------------
     0 | D:1      | shennanigan the Draconian Berserker began the quest for the
                  | Orb.
     0 | D:1      | Reached XP level 1. HP: 19/19 MP: 1/1
   164 | D:1      | Reached XP level 2. HP: 26/26 MP: 2/2
   592 | D:2      | Reached XP level 3. HP: 33/33 MP: 3/3
   765 | D:2      | Reached ** piety under Trog
   953 | D:2      | Reached XP level 4. HP: 26/40 MP: 4/4
  1347 | D:3      | Found an opulent altar of Gozag.
  1353 | D:3      | Found Gozag's Platinum Reserve.
  1392 | D:3      | Reached skill level 4 in Axes
  1579 | D:3      | Found a hazy altar of Hepliaklqana.
  1671 | D:3      | Found a burning altar of Makhleb.
  1726 | D:3      | Reached XP level 5. HP: 38/46 MP: 5/5
  1730 | D:3      | Reached skill level 5 in Axes
  1734 | D:3      | Reached *** piety under Trog
  1754 | D:3      | Reached XP level 6. HP: 23/53 MP: 6/6
  2274 | D:4      | Reached skill level 1 in Stealth
  2811 | D:4      | Reached skill level 6 in Axes
  2962 | D:4      | Your scales start taking on an icy white colour.
  2962 | D:4      | Reached XP level 7. HP: 51/60 MP: 7/7
  2962 | D:4      | Gained mutation: Your flesh is cold resistant. (rC+) [White
                  | Draconian growth]
  2964 | D:4      | Reached skill level 5 in Fighting
  3582 | D:4      | Noticed Pikel
  3613 | D:4      | Killed Pikel
  3613 | D:4      | Reached skill level 7 in Axes
  3613 | D:4      | Reached skill level 5 in Dodging
  3613 | D:4      | Reached XP level 8. HP: 69/70 MP: 8/8
  3943 | D:4      | Reached **** piety under Trog
  4263 | D:4      | Reached skill level 8 in Axes
  4578 | D:5      | Entered Level 5 of the Dungeon
  4611 | D:5      | Found a blossoming altar of Fedhas.
  4641 | D:5      | Noticed Grinder
  4647 | D:5      | Killed Grinder
  4855 | D:5      | Found a staircase to the Ecumenical Temple.
  4929 | D:5      | Found an opulent altar of Gozag.
  5167 | D:5      | Noticed Blork the orc
  5174 | D:5      | Killed Blork the orc
  5219 | D:5      | Found a runed translucent door.
  5219 | D:5      | Noticed Ijyb
  5221 | D:5      | Noticed Crazy Yiuf
  5229 | D:5      | Killed Crazy Yiuf
  5237 | D:5      | Killed Ijyb
  5287 | D:5      | Gained mutation: You are covered in fur. (AC +1) [potion of
                  | mutation]
  5287 | D:5      | Gained mutation: You expend magic power (3 MP) to
                  | strengthen your wands. [potion of mutation]
  5488 | D:6      | Reached skill level 9 in Axes
  5498 | D:6      | Reached XP level 9. HP: 78/78 MP: 9/9
  5566 | D:6      | Found a glowing drain.
  5732 | Sewer    | Entered a sewer
  6115 | Sewer    | Reached ***** piety under Trog
  6115 | Sewer    | Received a gift from Trog
  6538 | D:6      | Found a glowing golden altar of the Shining One.
  6858 | D:6      | Noticed Dowan
  6859 | D:6      | Noticed Duvessa
  6867 | D:6      | Killed Dowan
  6876 | D:6      | Killed Duvessa
  7141 | D:7      | Found a shattered altar of Ashenzari.
  7168 | D:7      | You fall into a shaft and drop 1 floor!
  7339 | D:8      | Reached skill level 1 in Shields
  7540 | D:8      | Found a sparkling altar of Nemelex Xobeh.
  7640 | D:8      | Reached skill level 10 in Axes
  8122 | D:8      | Found a sacrificial altar of Ru.
  8190 | D:8      | Noticed MisterFreud's ghost (novice GrFi)
  8191 | D:8      | Noticed a moth of wrath
  8197 | D:8      | Found a transporter.
  8216 | D:8      | Found a transporter.
  8582 | D:8      | Reached XP level 10. HP: 70/88 MP: 10/10
  8586 | D:8      | Killed a moth of wrath
  8587 | D:8      | Killed MisterFreud's ghost
  9157 | D:9      | Found a staircase to the Orcish Mines.
  9194 | D:9      | Received a gift from Trog
  9381 | D:9      | Found a white marble altar of Elyvilon.
  9392 | D:9      | Reached skill level 1 in Throwing
  9656 | D:9      | Reached skill level 5 in Shields
  9795 | D:9      | Found Ysaned's Distillery.
  9798 | D:9      | Bought a potion of curing for 39 gold pieces
  9798 | D:9      | Bought a potion of heal wounds for 65 gold pieces
  9848 | D:9      | Reached skill level 11 in Axes
 10186 | D:10     | Entered Level 10 of the Dungeon
 10280 | D:10     | Noticed Fannar
 10302 | D:10     | Killed Fannar
 10467 | D:10     | Noticed an orange crystal statue
 10719 | D:10     | Found a staircase to the Lair.
 11206 | D:11     | Noticed a wizard
 11221 | D:11     | Killed from afar by a wizard

Levels and vault maps discovered:
D:1:      minmay_arrival_three_doors, layout_basic
D:2:      layout_loops_ring, serial_rivers, chequers_serial_rivers_small_a,
          chequers_serial_rivers_room_b, chequers_serial_rivers_micro_b,
          chequers_serial_rivers_micro_c, chequers_serial_rivers_micro_d
D:3:      layout_loops_ring, nicolae_overflow_crystal_walls, lemuel_round_altar,
          nicolae_gozag_zags_fifth_avenue
D:4:      minmay_goblin_kobold_castle, layout_basic, uniq_pikel
D:5:      layout_basic, nicolae_overflow_hidden_temple,
          minmay_temple_entry_gardened_gates, first_ration,
          minmay_misc_feat_room, lemuel_tele_altar, uniq_grinder,
          uniq_crazy_yiuf_cottage, uniq_ijyb, uniq_blork_the_orc
D:6:      layout_layer_cave, tso_oasis_becter, portal_sewer_entry_c,
          uniq_duvessa
D:7:      layout_loops_corners, lemuel_doored_altar
D:8:      layout_loops_ring, nemelex_xobeh_ov_fountains_minmay,
          nicolae_ru_the_path_less_chosen, gammafunk_ghost_berserking_beasts,
          minmay_lizard_king
D:9:      layout_loops_ring, elyvilon_altar_4, erik_orc_3, serial_shops,
          kennysheep_mini
D:10:     layout_cave_pools, david_lair_shrubbed,
          hangedman_little_slice_of_home, minivault_16, uniq_fannar
D:11:     argonaut_augean_stables, layout_stronghold

Skill      XL: |  1  2  3  4  5  6  7  8  9 10 |
---------------+-------------------------------+-----
Dodging        | 3 4 5 6 7 |  7.3
Fighting       | 4 5 6 7 8 |  8.4
Axes           | 4 5 6 7 9 10 11 | 11.4
Stealth        | 1 2 |  2.6
Shields        | 3 5 |  5.9
Throwing       | 2 |  2.3
Evocations     | |  0.1

Action                   |  1- 3 |  4- 6 |  7- 9 | 10-12 || total
-------------------------+-------+-------+-------+-------++-------
Melee: Hand axe          |    87 |   160 |   367 |       ||   614
       Tailslap          |     4 |    12 |    67 |    28 ||   111
       War axe           |       |       |   136 |   202 ||   338
Invok: Berserk           |     1 |     4 |    16 |     3 ||    24
       Trog's Hand       |       |     2 |     3 |     2 ||     7
 Abil: Evoke Flight      |       |       |     1 |       ||     1
  Use: Scroll            |       |       |     7 |    16 ||    23
       Potion            |       |       |     1 |       ||     1
 Stab: Sleeping          |       |       |     6 |     2 ||     8
       Distracted        |       |       |       |     1 ||     1
  Eat: Chunk             |     1 |     7 |    35 |    10 ||    53
       Ration            |       |     1 |       |     1 ||     2
Armor: Skin              |    22 |    45 |   117 |    35 ||   219
Dodge: Dodged            |    62 |    99 |   342 |    43 ||   546
Block: Large shield      |       |       |   103 |   141 ||   244

Table legend:
 A = Non-vault XP
 B = Vault XP
 C = Vault XP percentage of total XP
 D = Non-vault monster count
 E = Vault monster count
 F = Vault count percentage of total count
                 A         B        C        D         E       F
            +---------+---------+-------+---------+---------+-------
      Total |    4499 |    5704 |  55.9 |     180 |     140 |  43.8
            +---------+---------+-------+---------+---------+-------
        D:1 |      31 |       0 |   0.0 |      20 |       0 |   0.0
        D:2 |      75 |       0 |   0.0 |      21 |       0 |   0.0
        D:3 |     306 |       0 |   0.0 |      32 |       0 |   0.0
        D:4 |     585 |    1038 |  64.0 |      15 |      63 |  80.8
        D:5 |     183 |     455 |  71.3 |      10 |       4 |  28.6
        D:6 |     643 |     249 |  27.9 |      21 |       9 |  30.0
        D:8 |    1268 |    2003 |  61.2 |      25 |      17 |  40.5
        D:9 |    1023 |     340 |  24.9 |      23 |      10 |  30.3
       D:10 |     385 |    1541 |  80.0 |      13 |      10 |  43.5
      Sewer |       0 |      78 | 100.0 |       0 |      27 | 100.0
            +---------+---------+-------+---------+---------+-------
